 Dungeon Crawl Stone Soup version 0.26.1-11-gd32895ea62 (webtiles) character file.

Game seed: 701389940922093381

105 Blejac999 the Cudgeller (level 4, -2/29 HPs)
             Began as a Gargoyle Berserker on July 17, 2021.
             Was a Believer of Trog.
             Killed from afar by an orc wizard (8 damage)
             ... with a magic dart
             ... on level 3 of the Dungeon.
             The game lasted 00:03:45 (2323 turns).

Blejac999 the Cudgeller (Gargoyle Berserker)        Turns: 2323, Time: 00:03:45

Health: -2/29      AC:  8    Str: 21    XL:     4   Next: 81%
Magic:  4/4        EV: 12    Int:  8    God:    Trog [**....]
Gold:   110        SH:  0    Dex:  9    Spells: 3/3 levels left

rFire    . . .     SeeInvis .   a - +1 mace
rCold    . . .     Faith    .   (no shield)
rNeg     + . .     Spirit   .   b - +1 animal skin
rPois    ∞         Reflect  .   e - +2 hat
rElec    +         Harm     .   (no cloak)
rCorr    .         Rampage  .   (no gloves)
Will     .....                  (no boots)
Stlth    +.........             (no amulet)
HPRegen  0.09/turn              (no ring)
MPRegen  0.09/turn              (no ring)

@: berserk cooldown, slowed, very slow
A: negative energy resistance 1, electricity resistance, unbreathing,
petrification resistance, miasma immunity, AC +3
a: Renounce Religion, Berserk, Trog's Hand


You were on level 3 of the Dungeon.
You worshipped Trog.
Trog was pleased with you.
You visited 1 branch of the dungeon, and saw 3 of its levels.

You collected 110 gold pieces.

Inventory:

Hand Weapons
 a - a +1 mace (weapon)
Armour
 b - a +1 animal skin (worn)
 e - a +2 hat (worn)
Scrolls
 d - 3 scrolls of remove curse
Potions
 f - a potion of heal wounds


   Skills:
 + Level 4.0 Fighting
 + Level 4.4 Maces & Flails
 + Level 2.4 Armour
 + Level 2.0 Dodging
 + Level 0.1 Stealth


You had 3 spell levels left.
You didn't know any spells.
Your spell library was empty.

Dungeon Overview and Level Annotations

Branches:
Dungeon (3/15)

Altars:


Innate Abilities, Weirdness & Mutations

You are resistant to torment.
Your stone body is resilient. (AC +3)
You are immune to poison.
You resist negative energy. (rN+)
You are resistant to electric shocks. (rElec)
You can survive without breathing.
You are immune to petrification.
You are immune to miasma.


Message History

The bat hits you but does no damage. x2
The orc wizard hits you with a cursed -2 dagger.
The rat bites you but does no damage. The orc wizard barely misses you.
You barely miss the orc wizard.
The orc wizard is almost dead.
The bat closely misses you. The rat barely misses you.
The orc wizard barely misses you. The rat bites you.
The orc wizard closely misses you.
You barely miss the orc wizard.
The orc wizard is almost dead.
The rat misses you.
The orc wizard hits you with a cursed -2 dagger.
The rat bites you.
* * * LOW HITPOINT WARNING * * *
Unknown command.
You hit the orc wizard but do no damage.
The orc wizard is almost dead.
The orc wizard points at you and mumbles some strange words.
The magic dart hits you!
You die...

..........###
............
..........
......)# ......#
# .....# .#
..#..###†.#
###.#
.....br@.###....
#
..###.o)).#.##..
# #.####.# #.#
#. #†# #.# #
#.###.### #
#.....#.## ##
#####.'⌠.# ##.
#.#...#+#..
#.##...+...


You could see an orc wizard, a bat and a rat.

Vanquished Creatures
  3 adders
  A white imp (D:2)
  An ooze (D:1)
  2 worms (D:2)
  2 dart slugs
  3 leopard geckos (D:3)
  3 orcs (D:3)
  5 goblins
  9 hobgoblins
  4 jackals (D:2)
  A kobold (D:2)
  A quokka (D:3)
  A ball python (D:2)
  6 bats
  2 frilled lizards
  7 rats
51 creatures vanquished.

Notes
Turn   | Place    | Note
-------+----------+-------------------------------------------
     0 | D:1      | Blejac999 the Gargoyle Berserker began the quest for the
                  | Orb.
     0 | D:1      | Reached XP level 1. HP: 14/14 MP: 1/1
   106 | D:1      | Reached XP level 2. HP: 16/19 MP: 2/2
   511 | D:1      | Reached XP level 3. HP: 23/24 MP: 3/3
  1073 | D:2      | Reached ** piety under Trog
  1650 | D:2      | Reached XP level 4. HP: 26/29 MP: 4/4
  2323 | D:3      | Killed from afar by an orc wizard

Illustrated notes

Levels and vault maps discovered:
D:1:      lightli_arrival_maybe_door_vault, layout_loops_ring,
          kennysheep_small_spiral, solitary_fountain
D:2:      wander_river, layout_loops_ring
D:3:      layout_loops_ring, nzn_wu_jian_contemplation, grunt_gozag_breadcrumbs,
          grunt_decor_arrowhead

Skill      XL: |  1  2  3  4 |
---------------+-------------+-----
Maces & Flails | 4 |  4.4
Fighting       | 4 |  4.0
Dodging        | 2 |  2.0
Armour         | |  2.4
Stealth        | |  0.1

Action                   |  1- 3 |  4- 6 || total
-------------------------+-------+-------++-------
Melee: Mace              |    97 |    77 ||   174
Invok: Berserk           |     2 |     1 ||     3
  Use: Scroll            |     4 |     5 ||     9
       Potion            |     2 |     2 ||     4
Armor: Animal skin       |    30 |    56 ||    86
Dodge: Dodged            |    66 |    96 ||   162
